 Dungeon Crawl Stone Soup version 0.29.1-12-g30fa7ad0bf (webtiles) character file.

Game seed: 15364745161236200450

4811 KittyFluff the Protected (level 10, -4/61 HPs)
             Began as a Gargoyle Fighter on Dec 28, 2022.
             Was a Follower of Trog.
             Slain by a yak (7 damage)
             ... on level 9 of the Dungeon.
             The game lasted 00:40:34 (8928 turns).

KittyFluff the Protected (Gargoyle Fighter)         Turns: 8928, Time: 00:40:36

Health: -4/61      AC: 18    Str: 26    XL:     10   Next: 48%
Magic:  3/3        EV: 15    Int:  9    God:    Trog [*.....]
Gold:   140        SH: 11    Dex: 13    Spells: 8/9 levels left

rFire   . . .      SeeInvis +   G - +2 morningstar of Oozing Pus {antimagic, rElec SInv}
rCold   . . .      Faith    .   c - +0 buckler
rNeg    + . .      Spirit   .   b - +1 scale mail
rPois   ∞          Reflect  +   (no helmet)
rElec   +          Harm     .   S - +0 cloak
rCorr   .          Rampage  .   (no gloves)
Will    .....                   (no boots)
Stlth   ..........              o - amulet of reflection
HPRegen 0.20/turn               O - +4 ring of evasion
MPRegen 0.08/turn               P - +6 ring of strength

@: no status effects
A: sickness immunity, AC +7, negative energy resistance 1, electricity
resistance, torment resistance 1, petrification resistance
a: Renounce Religion, Berserk


You were on level 9 of the Dungeon.
You worshipped Trog.
Trog was aware of your devotion.
You visited 1 branch of the dungeon, and saw 9 of its levels.

You collected 622 gold pieces.
You spent 482 gold pieces at shops.

Inventory:

Hand Weapons
 m - a +0 sling
 G - the +2 morningstar of Oozing Pus (weapon) {antimagic, rElec SInv}
   (You bought it in a shop on level 8 of the Dungeon)

   It reduces the magical energy of the wielder, and disrupts the spells and
   magical abilities of those it strikes.
   Natural abilities and divine invocations are not affected.
   rElec:     It insulates you from electricity.
   SInv:      It lets you see invisible.
 Y - a +0 shortbow
Missiles
 f - 51 stones (quivered)
 l - 11 boomerangs
 p - 15 poisoned darts
 N - a throwing net
 U - 6 javelins
Armour
 b - a +1 scale mail (worn)
 c - a +0 buckler (worn)
 z - a scarf of invisibility
 S - a +0 cloak (worn)
 T - a +2 leather armour of fire resistance
 V - a +0 ring mail of positive energy
 Z - +0 acid dragon scales
Jewellery
 a - a ring of ice
 j - a ring of resist corrosion
 o - an amulet of reflection (around neck)
 v - a +4 ring of protection
 O - a +4 ring of evasion (left hand)
 P - a +6 ring of strength (right hand)
Wands
 B - a wand of iceblast (10)
 F - a wand of paralysis (7)
 M - a wand of mindburst (19)
 Q - a wand of digging (7)
 X - a wand of light (8)
Scrolls
 e - 2 scrolls of immolation
 i - 2 scrolls of fear {unknown}
 k - 3 scrolls of enchant armour
 q - 2 scrolls of butterflies {unknown}
 s - a scroll of enchant weapon
 t - 2 scrolls of amnesia {unknown}
 x - 3 scrolls of brand weapon {unknown}
 y - a scroll of vulnerability
 C - 3 scrolls of silence {unknown}
 E - 4 scrolls of teleportation
 J - 2 scrolls of poison {unknown}
 K - a scroll of blinking
 R - 4 scrolls of magic mapping
Potions
 d - a potion of might
 g - 3 potions of curing
 h - 2 potions of resistance
 n - 2 potions of mutation
 r - 2 potions of attraction
 u - 2 potions of flight
 w - 2 potions of heal wounds
 A - a potion of brilliance {unknown}
 D - a potion of berserk rage {unknown}
 H - a potion of invisibility {unknown}
 I - 2 potions of ambrosia {unknown}
 L - 2 potions of cancellation {unknown}
 W - a potion of haste {unknown}


   Skills:
 + Level 6.7 Fighting
 + Level 9.3 Maces & Flails
 + Level 1.2 Ranged Weapons
 + Level 0.2 Throwing
 * Level 9.4 Armour
 + Level 2.6 Dodging
 + Level 1.6 Stealth
 * Level 7.3 Shields


You had 8 spell levels left.
You knew the following spells:

 Your Spells              Type           Power      Damage    Failure   Level
a - Apportation           Tloc           0%         N/A       71%         1

Your spell library contained the following spells:

 Spells                   Type           Power      Damage    Failure   Level
 Necrotise                Necr           0%         1d4       71%         1
 Summon Small Mammal      Summ           0%         N/A       71%         1


Dungeon Overview and Level Annotations

Branches:
Dungeon (9/15)             Temple (0/1) D:7
   Lair: D:8-11         Orc: D:9-12

Altars:
Dithmenos
Gozag
Makhleb
Okawaru
Ru
Sif Muna
Trog
Uskayaw
Wu Jian
Xom
Zin

Shops:
D:6 =   D:8 *


Innate Abilities, Weirdness & Mutations

You are immune to sickness and miasma.
Your stone body is resilient. (AC +7)
You are immune to poison.
You resist negative energy. (rN+)
You are resistant to electric shocks. (rElec)
You are resistant to unholy torment.
You are immune to petrification.


Message History

The orc misses you.
You closely miss the yak. The yak closely misses you.
The orc warrior barely misses you. The yak misses you.
The orc warrior completely misses you.
You barely miss the yak. You block the orc warrior's attack.
You barely miss the yak. The orc warrior barely misses you.
You puncture the yak!
The yak is moderately wounded.
You block the yak's attack. You block the orc warrior's attack.
You bludgeon the yak!!
The yak is severely wounded.
You block the yak's attack. The orc warrior misses you.
You hit the yak.
The yak is severely wounded.
You block the yak's attack. The orc warrior misses you.
You completely miss the yak.
The yak is severely wounded.
You block the yak's attack. You block the orc warrior's attack.
You barely miss the yak.
The yak is severely wounded.
The yak gores you but does no damage. You block the orc warrior's attack.
You puncture the yak!
You kill the yak!
Trog accepts your kill. You block the orc warrior's attack.
You hit the yak but do no damage.
The orc warrior hits you but does no damage.
The yak completely misses you.
You hit the yak.
The yak is lightly wounded.
The orc warrior hits you from afar with a +0 glaive!
The yak barely misses you.
You sock the yak!
The yak is heavily wounded.
The orc warrior hits you from afar with a +0 glaive!
* * * LOW HITPOINT WARNING * * *
The yak gores you.
* * * LOW HITPOINT WARNING * * *
The yak gores you!
You die...

#....................#
#.....................
#..................)..
#...................<.
#.).................).
##....................
#.....:......####....
###..###..#...#....##
##@###......#....#. #..
#Y##..##........#. #o.######
####Yo#..##......#.#.
........###...o............#.#.
Y.......##...................#.
........#..Y.............###.##
........#.Y..............# #...
........#................####..
#........................##..


You could see 2 yaks, an orc warrior and an orc.

Vanquished Creatures
  A two-headed ogre (D:8)
  Pikel (D:7)
  Maggie (D:8)
  A shadow (D:9)
  A yak (D:9)
  Eustachio (D:5)
  Grum (D:8)
  A steam dragon (D:7)
  2 water moccasins
  2 orc warriors
  2 ice beasts
  4 ogres
  3 wolves (D:8)
  A centaur (D:8)
  A kobold brigand (D:8)
  3 bullfrogs
  A necrophage (D:5)
  A scorpion (D:4)
  3 wights (D:8)
  6 killer bees (D:7)
  2 howler monkeys
  2 hounds
  4 jellies
  An orc priest (D:7)
  2 gnoll boudas
  An iguana (D:5)
  3 orc wizards
  13 gnolls
  4 adders
  A shadow imp (D:5)
  2 white imps (D:6)
  An ufetubus (D:6)
  2 worms
  A dart slug (D:2)
  24 orcs
  4 ball pythons
  8 bats
  8 endoplasms
  2 giant cockroaches
  5 hobgoblins
  4 jackals (D:5)
  8 kobolds
  2 quokkas
  8 frilled lizards (D:1)
  7 goblins
  3 rats
159 creatures vanquished.

Notes
Turn   | Place    | Note
-------+----------+-------------------------------------------
     0 | D:1      | KittyFluff the Gargoyle Fighter began the quest for the
                  | Orb.
     0 | D:1      | Reached XP level 1. HP: 14/14 MP: 1/1
   101 | D:1      | Reached XP level 2. HP: 19/19 MP: 2/2
   517 | D:1      | Reached XP level 3. HP: 23/23 MP: 3/3
   976 | D:2      | Reached XP level 4. HP: 23/28 MP: 4/4
  1356 | D:2      | Found a faded altar of an unknown god.
  1837 | D:3      | Found an ornate altar of the Wu Jian Council.
  2234 | D:3      | Learned a level 1 spell: Apportation
  2330 | D:3      | Found a sacrificial altar of Ru.
  2483 | D:4      | Reached skill level 1 in Stealth
  2483 | D:4      | Reached XP level 5. HP: 32/33 MP: 5/5
  2654 | D:4      | Reached XP level 6. HP: 36/39 MP: 6/6
  2930 | D:5      | Entered Level 5 of the Dungeon
  2943 | D:5      | Found a shadowy altar of Dithmenos.
  2948 | D:5      | Noticed an ice beast
  2961 | D:4      | Reached skill level 5 in Armour
  3072 | D:5      | Killed an ice beast
  3073 | D:5      | Reached XP level 7. HP: 20/44 MP: 7/7
  3260 | D:5      | Found a hide-covered altar of Uskayaw.
  3291 | D:5      | Reached skill level 5 in Maces & Flails
  3522 | D:5      | Found an iron altar of Okawaru.
  3724 | D:5      | Noticed Eustachio
  3742 | D:5      | Killed Eustachio
  3743 | D:5      | Reached XP level 8. HP: 45/48 MP: 8/8
  3910 | D:5      | Reached skill level 5 in Fighting
  4134 | D:5      | Found a bloodstained altar of Trog.
  4137 | D:5      | Became a worshipper of Trog the Wrathful
  4421 | D:6      | Found Dequnuoc's Jewellery Emporium.
  4704 | D:6      | Reached skill level 5 in Shields
  4831 | D:6      | Reached skill level 1 in Dodging
  5339 | D:6      | Found a shimmering blue altar of Sif Muna.
  5833 | D:7      | Noticed Pikel
  5850 | D:7      | Killed Pikel
  5851 | D:7      | Reached skill level 1 in Ranged Weapons
  5851 | D:7      | Reached XP level 9. HP: 38/55 MP: 9/9
  5997 | D:7      | Reached * piety under Trog
  6813 | D:7      | Found a staircase to the Ecumenical Temple.
  7519 | D:8      | Noticed a two-headed ogre
  7527 | D:8      | Killed a two-headed ogre
  7528 | D:8      | Reached XP level 10. HP: 38/61 MP: 10/10
  7532 | D:8      | Noticed Maggie
  7550 | D:8      | Killed Maggie
  7638 | D:8      | Found a glowing silver altar of Zin.
  7639 | D:8      | Noticed an angel
  7642 | D:8      | Found a shimmering altar of Xom.
  7948 | D:8      | Noticed Grum
  7966 | D:8      | Killed Grum
  8232 | D:8      | Found a burning altar of Makhleb.
  8270 | D:8      | Found Buapsoshusy's General Store.
  8581 | D:8      | Bought the +2 morningstar of Oozing Pus {antimagic, rElec
                  | SInv} for 482 gold pieces
  8653 | D:9      | Found an opulent altar of Gozag.
  8928 | D:9      | HP: 3/61 [yak (6)]
  8928 | D:9      | Slain by a yak

Illustrated notes

Levels and vault maps discovered:
D:1:      minmay_arrival_solitary_statue, layout_rooms, minmay_lizard_pond
D:2:      layout_loops_ring, serial_aquarium, aquarium_bridge_straight
          [aquarium_subvault_bridge, aquarium_subvault_wall,
          aquarium_subvault_bridge, aquarium_subvault_window],
          aquarium_bridge_straight [aquarium_subvault_bridge,
          aquarium_subvault_wall, aquarium_subvault_bridge,
          aquarium_subvault_window], aquarium_window_fake, aquarium_window_2,
          aquarium_view_2c, aquarium_view_2f, aquarium_pool_four,
          dreamdust_ecumenical_altar_angels_and_demons, chequers_mini_garden,
          chequers_serial_rivers_micro_b
D:3:      layout_loops_ring, nzn_wu_jian_contemplation, nicolae_ru_awakened_eye
D:4:      layout_basic
D:5:      layout_basic, kennysheep_mini,
          nicolae_uskayaw_murder_on_the_dancefloor,
          nicolae_overflow_hidden_temple, general_overflow_altar,
          wad_floor_pattern_untrapped, solitary_fountain, uniq_eustachio
D:6:      layout_loops_ring, led_sif_book, nicolae_take_the_stairs
D:7:      layout_basic, minmay_temple_entry_large_hall, uniq_pikel
D:8:      layout_gridville, grunt_temple_overflow_order_and_chaos_1,
          bloody_makhleb, serial_shops, shop, serial_co_window_serial,
          co_window_paths_a, co_window_paths_b, co_window_of_opportunity_a,
          co_window_paths_b, co_window_corner_a, co_window_corner_a,
          co_window_corner_a, co_window_paths_a, co_window_corner_a,
          co_window_corner_cb, co_window_corner_ca, co_window_corner_b,
          co_window_cross_4, co_window_2corner, co_window_corner_b,
          co_window_4corner_b, co_window_paths_d, glass_columns_c, uniq_grum,
          uniq_maggie
D:9:      layout_rooms, amcnicky_altar_gilded, minivault_13

Skill      XL: |  1  2  3  4  5  6  7  8  9 10 |
---------------+-------------------------------+-----
Armour         | 4 5 6 7 9 |  9.4
Maces & Flails | 3 4 5 7 8 9 |  9.3
Stealth        | 1 |  1.6
Fighting       | 4 5 6 |  6.7
Shields        | 4 5 6 7 |  7.3
Dodging        | 1 2 |  2.6
Ranged Weapons | 1 |  1.2
Throwing       | |  0.2

Action                   |  1- 3 |  4- 6 |  7- 9 | 10-12 || total
-------------------------+-------+-------+-------+-------++-------
Melee: Flail             |    93 |   144 |   326 |    52 ||   615
       Morningstar       |       |       |       |    40 ||    40
 Fire: Sling             |       |       |     9 |       ||     9
Throw: Stone             |     8 |     2 |    17 |     5 ||    32
Invok: Berserk           |       |       |     1 |     1 ||     2
Evoke: Wand              |       |       |     1 |       ||     1
  Use: Scroll            |     1 |     3 |     7 |     1 ||    12
Armor: Scale mail        |    36 |    71 |   126 |    37 ||   270
Dodge: Dodged            |    36 |    60 |   132 |    58 ||   286
Block: Buckler           |    20 |    55 |   155 |    68 ||   298
       Reflection        |       |       |     2 |     4 ||     6
